 Dungeon Crawl Stone Soup version 0.27-a0-1083-gcf8293e1eb (webtiles) character file.

Game seed: 6221670807124555960

164 Drevant2 the Bolt Thrower (level 5, -6/40 HPs)
             Began as a Draconian Wanderer on Apr 26, 2021.
             Mangled by a gnoll
             ... wielding a +0 halberd
              (15 damage)
             ... on level 4 of the Dungeon.
             The game lasted 00:08:50 (3729 turns).

Drevant2 the Bolt Thrower (Draconian Wanderer)      Turns: 3729, Time: 00:08:50

Health: -6/40      AC:  5    Str: 15    XL:     5   Next: 21%
Magic:  9/9        EV: 11    Int: 11    God:
Gold:   147        SH:  0    Dex: 12    Spells: 5/10 levels left

rFire    . . .     SeeInvis .   r - +2 flail (venom)
rCold    . . .     Faith    .   (no shield)
rNeg     . . .     Spirit   .   (armour unavailable)
rPois    .         Reflect  .   (helmet restricted)
rElec    .         Harm     .   (no cloak)
rCorr    .         Rampage  .   (no gloves)
Will     .....                  (no boots)
Stlth    ++........             (no amulet)
HPRegen  0.13/turn              (no ring)
MPRegen  0.11/turn              (no ring)

@: no status effects
A: AC +5, unfitting armour, cold-blooded
a: no special abilities


You were on level 4 of the Dungeon.
You visited 1 branch of the dungeon, and saw 4 of its levels.

You collected 147 gold pieces.

Inventory:

Hand Weapons
 a - a +0 hand crossbow
 g - a +1 short sword of holy wrath
 r - a +2 flail of venom (weapon)
Missiles
 c - 30 bolts
Jewellery
 s - a ring of resist corrosion
Wands
 q - a wand of acid (8)
Scrolls
 b - a scroll of immolation {unknown}
 d - a scroll of teleportation
 f - 2 scrolls of noise {unknown}
 h - a scroll of enchant weapon {unknown}
 i - 4 scrolls of vulnerability {unknown}
 k - 6 scrolls of identify {unknown}
 m - 2 scrolls of fear {unknown}
 n - a scroll of silence {unknown}
 p - a scroll of holy word {unknown}
Potions
 e - 2 potions of heal wounds {unknown}
 j - a potion of curing {unknown}
 l - 2 potions of invisibility {unknown}
 o - a potion of degeneration {unknown}


   Skills:
 - Level 1.1 Fighting
 + Level 0.8 Maces & Flails
 - Level 4.2 Crossbows
 - Level 1.0 Throwing
 - Level 1.0 Stealth
 - Level 3.0 Spellcasting
 - Level 1.0 Conjurations
 + Level 2.2 Translocations
 - Level 1.0 Earth Magic


You had 5 spell levels left.
You knew the following spells:

 Your Spells              Type           Power      Damage    Failure   Level
a - Magic Dart            Conj           12%        1d3       17%         1
b - Call Imp              Summ           1%         N/A       36%         2
c - Blink                 Tloc           N/A        N/A       16%         2

Your spell library contained the following spells:

 Spells                   Type           Power      Damage    Failure   Level
 Slow                     Hex            1%         N/A       36%         2
 Conjure Flame            Conj/Fire      2%         6-21      54%         3
 Mephitic Cloud           Conj/Pois/Air  2%         N/A       56%         3


Dungeon Overview and Level Annotations

Branches:
Dungeon (4/15)
 Temple: D:4-7

Altars:
Fedhas
Gozag


Innate Abilities, Weirdness & Mutations

Your plain brown scales are hard. (AC +5)
You cannot fit into any form of body armour.
You are cold-blooded and may be slowed by cold attacks.


Message History

There is a stone staircase leading up here.
You climb upwards.
There is a stone staircase leading down here.
There is an open door here.
There is an open door here.
There is an open door here.
There is an open door here.
You open the door.
There is an open door here.
There is an open door here.
There is an open door here.
There is a stone staircase leading down here.
You climb downwards.
There is a stone staircase leading up here.
You see here a +0 leather armour.
There is a stone staircase leading down here.
You climb downwards.
There is a stone staircase leading up here.
A gnoll comes into view. It is wielding a +0 halberd.
The gnoll shouts!
The gnoll barely misses you.
A gnoll is nearby!
The gnoll hits you with a +0 halberd.
You closely miss the gnoll.
You tail-slap the gnoll, but do no damage.
The gnoll misses you.
You barely miss the gnoll. The gnoll hits you with a +0 halberd!
You hit the gnoll.
The gnoll is lightly wounded.
The gnoll hits you with a +0 halberd!
* * * LOW HITPOINT WARNING * * *
The gnoll barely misses you.
You barely miss the gnoll.
The gnoll is lightly wounded.
The gnoll hits you with a +0 halberd.
* * * LOW HITPOINT WARNING * * *
You barely miss the gnoll.
The gnoll is lightly wounded.
The gnoll hits you with a +0 halberd!
You die...

.........# #.#
#...## . .........#
#.# #.### >.
......[..# #.# #.#
.........# #.# #.#
.........# #.# ##.#
......<.## #.###..#
.........# #.....##
.........## ####..#
..........## ##.@..#
...........###..#g##
...............##.##
....<...#.#...###>.#
..........###.# ##.#
.######.####### ...
.######.#.....#
.....
........#..#..#
#......
..#####.'†###.#
.........#####


You could see a gnoll.

Vanquished Creatures
  A hound (D:4)
  An orc wizard (D:3)
  3 adders
  A worm (D:4)
  3 dart slugs (D:1)
  6 orcs (D:3)
  5 ball pythons
  4 bats
  4 endoplasms
  A giant cockroach (D:3)
  3 goblins
  7 hobgoblins
  6 jackals
  4 quokkas
  2 frilled lizards
  6 kobolds
  8 rats
65 creatures vanquished.

Notes
Turn   | Place    | Note
-------+----------+-------------------------------------------
     0 | D:1      | Drevant2 the Draconian Wanderer began the quest for the
                  | Orb.
     0 | D:1      | Drevant2 set off with the following items: a +0 hand
                  | crossbow, 27 bolts, a scroll of teleportation; and the
                  | following spell memorised: Magic Dart; and the following
                  | spells available to memorise: Blink, Call Imp, Slow,
                  | Conjure Flame, Mephitic Cloud
     0 | D:1      | Reached XP level 1. HP: 16/16 MP: 4/4
    49 | D:1      | Reached skill level 2 in Crossbows
   175 | D:1      | Reached XP level 2. HP: 23/23 MP: 6/6
   471 | D:1      | Reached skill level 3 in Crossbows
   647 | D:2      | Learned a level 2 spell: Call Imp
   657 | D:2      | Learned a level 2 spell: Blink
   774 | D:2      | Reached XP level 3. HP: 28/28 MP: 7/7
  1533 | D:2      | Reached skill level 1 in Translocations
  2086 | D:3      | Reached XP level 4. HP: 34/35 MP: 8/8
  2352 | D:3      | Reached skill level 4 in Crossbows
  2942 | D:4      | Found an opulent altar of Gozag.
  3000 | D:4      | Found a blossoming altar of Fedhas.
  3135 | D:4      | Reached XP level 5. HP: 35/40 MP: 9/9
  3729 | D:4      | Mangled by a gnoll

Illustrated notes

Levels and vault maps discovered:
D:1:      amcnicky_arrival_choice, layout_basic
D:2:      layout_loops_corners
D:3:      layout_rooms
D:4:      layout_rooms, fedhas_ov_isle_minmay, general_overflow_altar,
          kennysheep_generic_room_13

Skill      XL: |  1  2  3  4 |
---------------+-------------+-----
Crossbows      | 2 3 4 |  4.2
Translocations | 1 2 |  2.2
Fighting       | |  1.1
Maces & Flails | |  0.8
Throwing       | |  1.0
Stealth        | |  1.0
Spellcasting   | |  3.0
Conjurations   | |  1.0
Earth Magic    | |  1.0

Action                   |  1- 3 |  4- 6 || total
-------------------------+-------+-------++-------
Melee: Short sword       |   100 |     6 ||   106
       Tailslap          |    11 |     4 ||    15
       Flail             |       |    32 ||    32
 Fire: Hand crossbow     |    40 |    33 ||    73
 Cast: Blink             |       |     1 ||     1
  Use: Scroll            |       |     1 ||     1
 Stab: Sleeping          |     1 |       ||     1
Armor: Skin              |    45 |     9 ||    54
Dodge: Dodged            |    76 |    33 ||   109

Table legend: (Time is in decaauts)
 A = Elapsed time spent in this place.
 B = Non-inter-level travel time spent in this place.
 C = Inter-level travel time spent in this place.
 D = Time resting spent in this place.
 E = Time spent auto-exploring this place.
 F = Levels seen in this place.
 G = Mean time per level.
                   A        B        C        D        E       F      G
               +--------+--------+--------+--------+--------+-----+--------+
         Total |   3776 |   3304 |    472 |    585 |   2170 |   4 |  944.0 |
       Dungeon |   3776 |   3304 |    472 |    585 |   2170 |   4 |  944.0 |
               +--------+--------+--------+--------+--------+-----+--------+

Top non-repeatable levels by time:
     D:2: 1547 daAuts
     D:3: 943 daAuts
     D:1: 655 daAuts
     D:4: 629 daAuts
